 Dungeon Sprint DCSS version 0.30.1 (webtiles) character file.

Game seed: 8876926580845375947

91 boopmooplesden the Trooper (level 4, -6/60 HPs)
             Began as a Demonspawn Berserker on July 8, 2023.
             Was a Believer of Trog.
             Killed from afar by an oklob sapling priest (27 damage)
             ... with a splash of acid
             ... in the Dungeon (Sprint IV: "Fedhas' Mad Dash").
             The game lasted 00:00:38 (256 turns).

boopmooplesden the Trooper (Demonspawn Berserker)    Turns: 256, Time: 00:00:38

Health: -6/60      AC:  5    Str: 20    XL:     4   Next: 33%
Magic:  4/4        EV: 12    Int:  8    God:    Trog [**....]
Gold:   46         SH:  0    Dex: 12    Spells: 3/3 levels left

rFire   . . .        a - +0 spear
rCold   . . .        (no shield)
rNeg    . . .        b - +0 animal skin
rPois   .            (no helmet)
rElec   .            (no cloak)
rCorr   .            (no gloves)
SInv    .            (no boots)
Will    .....        i - amulet of invisibility {+Inv} Stlth
                     (no ring)
HPRegen 0.30/turn    (no ring)
MPRegen 0.09/turn

%: no teleportation
@: berserking, very slightly contaminated, invisible (expiring), very quick
A: thin metallic scales 2, spiny 1
a: Renounce Religion, Evoke Invisibility, Berserk, Trog's Hand


You were in the Dungeon.
You worshipped Trog.
Trog was pleased with you.
You visited 1 branch You collected 46 gold pieces.

Inventory:

Hand Weapons
 a - a +0 spear (weapon)
Armour
 b - a +0 animal skin (worn)
Jewellery
 i - the amulet of invisibility (around neck) {+Inv}
   (You found it in the Dungeon)

   [amulet of nothing]

   +Inv:      It lets you turn invisible.
Scrolls
 h - a scroll of blinking
Potions
 c - 2 potions of curing
 d - a potion of heal wounds
 e - a potion of haste
 f - 2 potions of magic
 g - a potion of berserk rage
 j - a potion of cancellation {unknown}


   Skills:
 + Level 6.2 Fighting
 + Level 5.5 Polearms
 + Level 3.0 Armour
 + Level 3.0 Dodging


You had 3 spell levels left.
You didn't know any spells.
Your spell library was empty.

Dungeon Overview and Level Annotations

Branches:
Dungeon (1/1)

Altars:
Cheibriados
Dithmenos
Gozag
Hepliaklqana
Kikubaaqudgha
Makhleb
Nemelex Xobeh
Okawaru
Qazlal
Ru
Sif Muna
Trog
Uskayaw
Vehumet
Wu Jian
Xom
Yredelemnul
Jiyva
Lugonu

Annotations:
D exclusion: oklob sapling


Innate Abilities, Weirdness & Mutations

You are mostly covered in thin metallic scales. (AC +3)
You are partially covered in sharp spines.


Message History

You start resting.
You feel yourself speed up.
You start resting.
You recover from your berserk rage.
You start putting on your amulet.
You continue putting on the amulet of invisibility {+Inv}. x5
You finish putting on the amulet of invisibility {+Inv}.
i - the amulet of invisibility (around neck) {+Inv}
Okay, then.
You fail to use your ability.
You fail to use your ability.
You fade into invisibility!
You are very lightly contaminated with residual magic.
You open the door.
Found four altars.
Unknown command.
An oklob sapling priest comes into view.
Found nine altars.
Marking area around an oklob sapling priest as unsafe for travelling.
There is an open door here.
Found three altars.
Found two altars.
Found three altars.
There is an opulent altar of Gozag here.
Found a corrupted altar of Lugonu and a radiant altar of Vehumet.
There is a hazy altar of Hepliaklqana here.
You flicker for a moment.
A red film seems to cover your vision as you go berserk!
You feel yourself moving faster!
You feel mighty!
You strike the helpless oklob sapling priest from behind!
You hit the oklob sapling priest but do no damage.
You completely miss the oklob sapling priest.
The oklob sapling priest spits acid at you.
The splash of acid hits you!!
Ouch! That really hurt!
You completely miss the oklob sapling priest.
You hit the oklob sapling priest but do no damage.
The oklob sapling priest spits acid at you.
The splash of acid hits you!!
You die...

########################
....#.....#.⌠._._._._.⌠.
÷...'.#...'.._._@_._._..
....#.#...#..._._P_._...
########+##.._._._._._..
#._._._._._.⌠.
##############


You could see an oklob sapling priest (unable to see you).

Vanquished Creatures
  A scorpion (D)
  An oklob sapling (D)
  A river rat (D)
  A rat (D)
4 creatures vanquished.

Notes
Turn   | Place    | Note
-------+----------+-------------------------------------------
     0 | D        | boopmooplesden the Demonspawn Berserker began the quest for
                  | the Orb.
     0 | D        | Reached XP level 1. HP: 18/18 MP: 1/1
    10 | D        | Reached skill level 4 in Fighting
    10 | D        | Gained mutation: You are partially covered in thin metallic
                  | scales. (AC +2) [demonic ancestry]
    10 | D        | Reached XP level 2. HP: 22/25 MP: 2/2
   155 | D        | Noticed an oklob sapling
   157 | D        | Killed an oklob sapling
   157 | D        | Reached ** piety under Trog
   158 | D        | Reached skill level 5 in Fighting
   158 | D        | Gained mutation: You are partially covered in sharp spines.
                  | [demonic ancestry]
   158 | D        | Reached XP level 3. HP: 22/33 MP: 3/3
   201 | D        | Noticed a scorpion
   205 | D        | Killed a scorpion
   206 | D        | Reached skill level 6 in Fighting
   206 | D        | Reached skill level 5 in Polearms
   206 | D        | Gained mutation: You are mostly covered in thin metallic
                  | scales. (AC +3) [demonic ancestry]
   206 | D        | Reached XP level 4. HP: 38/40 MP: 4/4
   206 | D        | Found the amulet of invisibility {+Inv}
   244 | D        | Found an opulent altar of Gozag.
   244 | D        | Found a hazy altar of Hepliaklqana.
   244 | D        | Found a snail-covered altar of Cheibriados.
   245 | D        | Found a viscous altar of Jiyva.
   245 | D        | Found a burning altar of Makhleb.
   245 | D        | Found a sparkling altar of Nemelex Xobeh.
   245 | D        | Found a sacrificial altar of Ru.
   245 | D        | Found a shimmering blue altar of Sif Muna.
   245 | D        | Found a bloodstained altar of Trog.
   245 | D        | Found an ornate altar of the Wu Jian Council.
   245 | D        | Found a shimmering altar of Xom.
   245 | D        | Found a basalt altar of Yredelemnul.
   246 | D        | Found an iron altar of Okawaru.
   246 | D        | Found a shadowy altar of Dithmenos.
   247 | D        | Found an ancient bone altar of Kikubaaqudgha.
   247 | D        | Found a hide-covered altar of Uskayaw.
   248 | D        | Found a stormy altar of Qazlal.
   249 | D        | Found a corrupted altar of Lugonu.
   249 | D        | Found a radiant altar of Vehumet.
   256 | D        | Killed from afar by an oklob sapling priest

Illustrated notes

Levels and vault maps discovered:
D:        dungeon_sprint_fedhas [sprint_temple]

Skill      XL: |  1  2  3 |
---------------+----------+-----
Fighting       | 4 5 6 |  6.2
Polearms       | 3 4 5 |  5.5
Armour         | 2 3 |  3.0
Dodging        | 2 3 |  3.0

Action                     |  1- 3 |  4- 6 || total
---------------------------+-------+-------++-------
  Melee: Spear             |    10 |     4 ||    14
 Invoke: Berserk           |     3 |     1 ||     4
Ability: Evoke Invisibilit |       |     1 ||     1
   Stab: Invisible         |       |     1 ||     1
 Armour: Animal skin       |     2 |       ||     2
  Dodge: Dodged            |     2 |       ||     2
